 Dungeon Crawl Stone Soup version 0.31-a0-239-g0a1456f148 (webtiles) character file.

Game seed: 6116527353212808851

28 qw the Shooter (level 2, -2/25 HPs)
             Began as a Minotaur Hexslinger on July 11, 2023.
             Slain by an orc wizard
             ... wielding a +0 dagger
              (3 damage)
             ... on level 3 of the Dungeon.
             The game lasted 00:00:16 (626 turns).

qw the Shooter (Minotaur Hexslinger)                 Turns: 626, Time: 00:00:17

Health: -2/25      AC:  5    Str: 12    XL:     2   Next: 96%
Magic:  2/2        EV: 10    Int: 10    God:
Gold:   70         SH:  0    Dex: 12    Spells: 2/3 levels left

rFire   . . .        Y - +1 sling
rCold   . . .        (no shield)
rNeg    . . .        l - +0 ring mail
rPois   .            (helmet restricted)
rElec   .            (no cloak)
rCorr   .            (no gloves)
SInv    .            (no boots)
Will    .....        (no amulet)
Stlth   +            (no ring)
HPRegen 0.24/turn    (no ring)
MPRegen 0.08/turn

%: no passive effects
@: no status effects
A: horns 2, retaliatory headbutt
a: no special abilities


You were on level 3 of the Dungeon.
You visited 1 branch of the dungeon, and saw 3 of its levels.

You collected 70 gold pieces.


Innate Abilities, Weirdness & Mutations

You have a pair of horns on your head.
You reflexively headbutt those who attack you in melee.


   Skills:
 - Level 2.6 Fighting
 + Level 3.1 Ranged Weapons
 - Level 2.1 Dodging
 - Level 1.0 Spellcasting
 - Level 2.0 Hexes


You had 2 spell levels left.
You knew the following spells:

 Your Spells              Type           Power      Damage    Failure   Level
a - Slow                  Hex            16%        N/A       34%         1

Your spell library contained the following spells:

 Spells                   Type           Power      Damage    Failure   Level
 Inner Flame              Hex/Fire       2%         N/A       83%         3
 Portal Projectile        Hex/Tloc       4%         N/A       83%         3
 Cause Fear               Hex            2%         N/A       98%         4

Inventory:

Hand Weapons
 Y - a +1 sling (weapon)
Armour
 l - a +0 ring mail (worn)
Jewellery
 k - a ring of fire
Scrolls
 a - a scroll of identify
Potions
 d - a potion of lignification {unknown}
 f - a potion of attraction {unknown}
 g - a potion of might
 i - a potion of enlightenment {unknown}

Dungeon Overview and Level Annotations

Branches:
Dungeon (3/15)

Altars:


Message History

You shoot a sling bullet.
The sling bullet barely misses the orc wizard.
An orc comes into view. It is wielding a +0 hand axe.
The orc wizard barely misses you.
You shoot a sling bullet.
The sling bullet closely misses the orc wizard.
An orc wizard comes into view. It is wielding a +0 dagger.
You shoot a sling bullet.
The sling bullet barely misses the orc wizard.
The orc wizard barely misses you. The orc closely misses you.
You furiously retaliate!
You headbutt the orc!
You kill the orc!
The orc wizard points at you and mumbles some strange words.
The magic dart hits you.
You shoot a sling bullet.
The sling bullet hits the orc wizard but does no damage.
The orc wizard is heavily wounded.
The orc wizard points at you and mumbles some strange words.
You are confused.
The orc wizard gestures wildly while chanting.
The orc wizard flickers and vanishes!
Deactivating autopickup; reactivate with Ctrl-A.
Something hits you. The orc wizard casts a spell at you.
The magic dart hits you. Something hits you.
The orc wizard points at you and mumbles some strange words.
The magic dart hits you. Something hits you but does no damage.
You feel less confused. Something hits you but does no damage.
You shoot a sling bullet.
The sling bullet barely misses the orc wizard.
Something hits you.
You shoot a sling bullet.
The sling bullet closely misses the orc wizard.
Something hits you.
The orc wizard gestures wildly while chanting.
The orc wizard flickers and vanishes!
Something hits you.
You die...

## # .#. #######.##
#########
####........#
#{{o.....
##.....###..# #@#
.....#.###..####.###
##.#...............#
##.#.#.###..####.#.#
##..........####.#.#
.....######......#.#
.....# ########.##
###### #..# ####


You could see an orc.

Vanquished Creatures
  An adder (D:3)
  An orc (D:3)
  2 endoplasms (D:1)
  A giant cockroach (D:1)
  2 hobgoblins
  2 ball pythons (D:1)
  2 bats (D:1)
  3 frilled lizards (D:1)
  2 goblins (D:1)
  3 rats (D:1)
19 creatures vanquished.

Notes
Turn   | Place    | Note
-------+----------+-------------------------------------------
     0 | D:1      | qw the Minotaur Hexslinger began the quest for the Orb.
     0 | D:1      | Reached XP level 1. HP: 16/16 MP: 1/1
     0 | D:1      | 0 ||| qw: Version: 0.3-a-52-g30416fa
     0 | D:1      | 0 ||| qw: Game counter: 5965
     0 | D:1      | 0 ||| qw: Melee chars always use a shield: true
     0 | D:1      | 0 ||| qw: God list: Okawaru
     0 | D:1      | 0 ||| qw: Allow faded altars: false
     0 | D:1      | 0 ||| qw: Do Orc after clearing Dungeon:15 true
     0 | D:1      | 0 ||| qw: Do second Lair branch before Depths: true
     0 | D:1      | 0 ||| qw: Lair rune preference: random
     0 | D:1      | 0 ||| qw: Goals: Normal
     0 | D:1      | 0 ||| PLANNING D:1-11
   202 | D:1      | Reached skill level 3 in Ranged Weapons
   213 | D:1      | Reached XP level 2. HP: 23/23 MP: 2/2
   442 | D:1      | 442 ||| UPGRADING to +0 leather armour.
   452 | D:1      | 452 ||| DROPPING +0 robe.
   453 | D:1      | 453 ||| UPGRADING to +0 ring mail.
   463 | D:1      | 463 ||| DROPPING +0 leather armour.
   464 | D:1      | 464 ||| READING scroll labelled SUZOPO GOSMA.
   465 | D:1      | 465 ||| READING scroll labelled ALYIMN OKHI.
   469 | D:1      | 469 ||| DRINKING 2 red potions.
   470 | D:1      | 470 ||| DRINKING 2 bubbling black potions.
   471 | D:1      | 471 ||| DROPPING scroll of poison.
   472 | D:1      | 472 ||| DROPPING potion of brilliance.
   481 | D:2      | You fall into a shaft and drop 1 floor!
   622 | D:3      | HP: 6/25 [orc wizard/magic dart (5)]
   626 | D:3      | HP: 1/25 [something (2)]
   626 | D:3      | Slain by an orc wizard

Levels and vault maps discovered:
D:1:      tarquinn_simple_flora_water_c, layout_basic, minmay_pentomino_v2
D:2:      layout_basic, uniq_natasha
D:3:      layout_loops_ring, tgw_xom

Skill      XL: |  1  2 |
---------------+-------+-----
Ranged Weapons | 3 |  3.1
Fighting       | 2 |  2.6
Dodging        | |  2.1
Spellcasting   | |  1.0
Hexes          | |  2.0

Action                     || total
---------------------------++-------
   Fire: Sling             ||    44
    Use: Scroll            ||     2
         Potion            ||     2
 Armour: Ring mail         ||     7
         Robe              ||     2
  Dodge: Dodged            ||    16

Table legend:
 A = Non-vault XP
 B = Vault XP
 C = Vault XP percentage of total XP
 D = Non-vault monster count
 E = Vault monster count
 F = Vault count percentage of total count
                 A         B        C        D         E       F
            +---------+---------+-------+---------+---------+-------
      Total |      38 |       2 |   5.0 |      17 |       2 |  10.5
            +---------+---------+-------+---------+---------+-------
        D:1 |      19 |       2 |   9.5 |      14 |       2 |  12.5
        D:3 |      19 |       0 |   0.0 |       3 |       0 |   0.0
            +---------+---------+-------+---------+---------+-------
